 Dungeon Crawl Stone Soup version 0.29.1-1-gd02db6906a (webtiles) character file.

Game seed: 5383367086682131958

286 LabCoat the Chopper (level 6, -1/79 HPs)
             Began as a Hill Orc Fighter on Oct 2, 2022.
             Succumbed to a kobold brigand's poison
             ... in a sewer.
             The game lasted 00:08:55 (1772 turns).

LabCoat the Chopper (Hill Orc Fighter)              Turns: 1772, Time: 00:08:56

Health: -1/79      AC:  7    Str: 21    XL:     6   Next: 30%
Magic:  6/6        EV:  9    Int:  8    God:
Gold:   118        SH:  5    Dex: 10    Spells: 5/5 levels left

rFire   . . .      SeeInvis .   a - +1 war axe
rCold   . . .      Faith    .   c - +1 buckler
rNeg    + . .      Spirit   .   b - +0 scale mail
rPois   .          Reflect  .   (no helmet)
rElec   .          Harm     .   (no cloak)
rCorr   .          Rampage  .   (no gloves)
Will    .....                   (no boots)
Stlth   ..........              (no amulet)
HPRegen 0.23/turn               i - ring of positive energy
MPRegen 0.10/turn               (no ring)

@: berserking, lethally poisoned (-1 -> -9), very quick
A: no striking features
a: no special abilities


You were in a sewer.
You visited 1 branch of the dungeon, and saw 3 of its levels.
You also visited: Sewer.

You collected 118 gold pieces.

Inventory:

Hand Weapons
 a - a +1 war axe (weapon)
Armour
 b - a +0 scale mail (worn)
 c - a +1 buckler (worn)
Jewellery
 i - a ring of positive energy (left hand)
Scrolls
 d - a scroll of identify


   Skills:
 + Level 4.5 Fighting
 * Level 5.2 Axes
 + Level 1.7 Throwing
 + Level 4.1 Armour
 + Level 4.0 Shields
 + Level 1.9 Evocations


You had 5 spell levels left.
You didn't know any spells.
Your spell library was empty.

Dungeon Overview and Level Annotations

Branches:
Dungeon (3/15)              Sewer (1/1)

Altars:


Message History

You completely miss the kobold brigand.
* * * LOW HITPOINT WARNING * * *
You feel very sick.
The kobold brigand hits you with a +0 club.
* * * LOW HITPOINT WARNING * * *
The kobold brigand hits you but does no damage.
You are more poisoned.
It was a potion of berserk rage.
A red film seems to cover your vision as you go berserk!
You feel yourself moving faster!
You feel mighty!
* * * LOW HITPOINT WARNING * * *
You feel very sick.
The kobold brigand hits you but does no damage.
You block the kobold brigand's attack.
You barely miss the kobold brigand.
The kobold brigand is heavily wounded.
You slash the kobold brigand!
You kill the kobold brigand!
You hear a splash. x2
* * * LOW HITPOINT WARNING * * *
You feel very sick. The kobold brigand barely misses you.
Your Axes skill increases to level 5!
Your Shields skill increases to level 4!
You have reached level 6!
You slash the kobold brigand!
The kobold brigand is almost dead.
* * * LOW HITPOINT WARNING * * *
You feel very sick.
The kobold brigand hits you with a +0 club!
* * * LOW HITPOINT WARNING * * *
Unknown command.
You completely miss the kobold brigand.
The kobold brigand is almost dead.
* * * LOW HITPOINT WARNING * * *
You feel sick.
The kobold brigand hits you but does no damage.
You hit the kobold brigand.
You kill the kobold brigand!
You die...

#### ### ####..####.###
##......P.....##### ####
##.................###
...####....................#
.....†................(P...######
............................#....
.........~.~....@).~~P...~~.')...
........~~~~~...~)~~~~....~~'..∩.
...P...P~~~~~P..~~~~~P~P.~~~#....
#########~#~#######~#############
~~~~ ~~~~~~~~~~~~~)~~~~~~~~~#
≈≈≈≈ ≈≈≈≈~≈≈≈≈≈~≈≈≈≈≈~≈≈≈≈≈~≈#
~~~~ ~~~~~~~~~~~~~~~~((~~~~~~
~~~# ######~~K~##########~#####
~~P~ ~~~~P~~~~~~P.P.P~~~#.!..


There were no monsters in sight!

Vanquished Creatures
  3 kobold brigands (Sewer)
  8 adders
  2 worms (D:3)
  A dart slug (D:1)
  An orc (D:3)
  8 endoplasms
  2 giant cockroaches
  6 goblins
  3 hobgoblins
  4 jackals (D:3)
  7 kobolds
  3 quokkas
  5 ball pythons
  7 bats
  A frilled lizard (Sewer)
  12 rats
73 creatures vanquished.

Vanquished Creatures (others)
  A fungus (Sewer)
  6 plants
7 creatures vanquished.

Grand Total: 80 creatures vanquished

Notes
Turn   | Place    | Note
-------+----------+-------------------------------------------
     0 | D:1      | LabCoat the Hill Orc Fighter began the quest for the Orb.
     0 | D:1      | Reached XP level 1. HP: 19/19 MP: 1/1
    92 | D:1      | Reached skill level 3 in Axes
    93 | D:1      | Reached XP level 2. HP: 22/27 MP: 2/2
   622 | D:1      | Found a faded altar of an unknown god.
   632 | D:1      | Reached XP level 3. HP: 32/33 MP: 3/3
   993 | D:2      | You fall into a shaft and drop 1 floor!
  1099 | D:3      | Reached skill level 4 in Axes
  1099 | D:3      | Reached skill level 1 in Evocations
  1099 | D:3      | Reached XP level 4. HP: 36/40 MP: 4/4
  1231 | D:3      | Reached skill level 1 in Throwing
  1317 | D:3      | HP: 2/40 [poisoned by an adder]
  1324 | D:3      | Reached XP level 5. HP: 25/46 MP: 5/5
  1354 | D:3      | Found a glowing drain.
  1361 | Sewer    | Entered a sewer
  1679 | Sewer    | Noticed a kobold brigand
  1679 | Sewer    | Noticed a kobold brigand
  1679 | Sewer    | Noticed a kobold brigand
  1679 | Sewer    | Noticed a kobold brigand
  1679 | Sewer    | Noticed a kobold brigand
  1757 | Sewer    | Killed a kobold brigand
  1769 | Sewer    | Killed a kobold brigand
  1770 | Sewer    | Reached skill level 5 in Axes
  1770 | Sewer    | Reached XP level 6. HP: 13/53 MP: 6/6
  1770 | Sewer    | HP: 2/79 [kobold brigand/+0 club (8)]
  1772 | Sewer    | Succumbed to a kobold brigand's poison

Illustrated notes

Levels and vault maps discovered:
D:1:      dpeg_arrival_solitude, layout_rooms, chequers_ecumenical_altar_lobes,
          minmay_misc_feat_columns
D:2:      layout_basic, roderic_roman_lattice, uniq_terence, uniq_jessica
D:3:      layout_basic, serial_shops, nicolae_shop_crystal,
          lightli_sewer_entry_pipes, minmay_box_of_dots
Sewer:    kennysheep_pipe_town

Skill      XL: |  1  2  3  4  5 |
---------------+----------------+-----
Axes           | 3 4 5 |  5.2
Fighting       | 4 |  4.5
Evocations     | 1 |  1.9
Throwing       | 1 |  1.7
Armour         | 4 |  4.1
Shields        | 4 |  4.0

Action                   |  1- 3 |  4- 6 || total
-------------------------+-------+-------++-------
Melee: War axe           |   100 |   153 ||   253
Throw: Dart              |       |     6 ||     6
  Use: Scroll            |     9 |     3 ||    12
       Potion            |       |     7 ||     7
Armor: Scale mail        |    45 |   104 ||   149
Dodge: Dodged            |    53 |   100 ||   153
Block: Buckler           |    20 |    41 ||    61
